 Dungeon Crawl Stone Soup version 0.14-a0-1739-g6c2808e (webtiles) character file.

139 Mitsuki the Fey Demonspawn (level 4, -8/34 HPs)
             Began as a Demonspawn Death Knight on Jan 3, 2014.
             Was a Believer of Yredelemnul.
             Mangled by Sigmund
             ... wielding a +0,+0 scythe
              (11 damage)
             ... on Level 2 of the Dungeon.
             The game lasted 00:12:37 (1618 turns).

Mitsuki the Fey Demonspawn (DsDK)                   Turns: 1618, Time: 00:12:37

HP  -8/34        AC  9     Str 14      XL: 4   Next: 12%
MP   7/7         EV 11     Int 12      God: Yredelemnul [**....]
Gold 63          SH  0     Dex 12      Spells:  0 memorised,  3 levels left

rFire  . . .     SeeInvis .     q - +1,+2 spear (chaos)
rCold  . . .     Clarity  .     b - +0 leather armour
rNeg   . . .     Conserve .     (no shield)
rPois  .         rCorr    .     (no helmet)
rElec  .         rRot     .     (no cloak)
SustAb . .       Spirit   .     e - +1 pair of gloves
rMut   .         Warding  .     (no boots)
Saprov . . .     Stasis   .     (no amulet)
                                (no ring)
                                (no ring)

@: slightly resistant to hostile enchantments, fairly stealthy
A: rough black scales 1, nightstalker 1
a: Animate Remains, Recall Undead Slaves, Injury Mirror, Renounce Religion


You were on level 2 of the Dungeon.
You worshipped Yredelemnul.
Yredelemnul was pleased with you.
You were not hungry.

You visited 1 branch of the dungeon, and saw 2 of its levels.

You collected 63 gold pieces.

Inventory:

Hand weapons
 a - a +1,+1 spear
 q - a +1,+2 spear of chaos (weapon)
Armour
 b - a +0 leather armour (worn)
 e - a +1 pair of gloves (worn)
Comestibles
 c - 2 bread rations
 d - a meat ration
 g - 11 strawberries
Scrolls
 f - 3 scrolls of identify
 j - a scroll of immolation
Jewellery
 h - an uncursed ring of protection from cold
Potions
 i - 2 potions of curing {unknown}
 l - a potion of agility {unknown}
 n - a potion of restore abilities {unknown}


   Skills:
 + Level 2.4 Fighting
 + Level 2.2 Polearms
 + Level 1.6 Armour
 + Level 1.8 Dodging
 + Level 4.4 Invocations


You had 3 spell levels left.
You didn't know any spells.

Dungeon Overview and Level Annotations

Branches:
Dungeon (2/16)

Altars:
Trog
Xom

Annotations:
D:2 Sigmund


Innate Abilities, Weirdness & Mutations

You are partially covered in rough black scales (AC +4, Dex -1).
You are slightly more attuned to the shadows.


Message History

The puff of flame hits your quokka zombie.
It hits you. It hits you.
You see here 21 stones.
You miss it. It hits you!
You miss it. It hits you!
* * * LOW HITPOINT WARNING * * *
You hit it. You freeze it. You hit it.
Its magic leaks into the air.
You hear some strange, mumbled words.
The magic dart hits you!
* * * LOW HITPOINT WARNING * * *
It hits you but does no damage.
You barely miss it.
You hear some strange, mumbled words.
The magic dart hits you!
* * * LOW HITPOINT WARNING * * *
You miss it. It hits you!
You die...
Your body rises from the dead as a mindless zombie.

#######.######.********#####
#.######. * * #.........,,*
#..........,* #.....<....,*
#...........* #...........*
#....z......# #....@......#
#.......%...# #...........*
########.###* *.# *,# *,*
*,* *,


You could see a friendly quokka zombie.

Vanquished Creatures
  A gnoll (D:2)
  An adder (D:2)
  2 giant geckos
  An ooze (D:2)
  7 bats
  4 giant cockroaches
  5 goblins
  5 hobgoblins
  6 kobolds
  A quokka (D:2)
  A giant newt (D:2)
  4 jackals (D:1)
  4 rats
42 creatures vanquished.

Vanquished Creatures (collateral kills)
  An ooze (D:2)
  A hobgoblin (D:1)
  2 jackals (D:1)
  A quokka (D:2)
  A goblin (D:1)
  A rat (D:1)
7 creatures vanquished.

Vanquished Creatures (others)
  A gnoll (D:2)
  2 goblin zombies (D:2)
  2 hobgoblin zombies
  A rat zombie (D:2)
6 creatures vanquished.

Grand Total: 55 creatures vanquished

Notes
Turn   | Place    | Note
--------------------------------------------------------------
     0 | D:1      | Mitsuki, the Demonspawn Death Knight, began the quest for the Orb.
     0 | D:1      | Reached XP level 1. HP: 16/16 MP: 2/2
   235 | D:1      | Reached skill level 4 in Invocations
   274 | D:1      | Reached skill level 1 in Armour
   281 | D:1      | Gained mutation: You are partially covered in rough black scales (AC +4, Dex -1). [demonic ancestry]
   281 | D:1      | Reached XP level 2. HP: 13/22 MP: 4/4
   301 | D:1      | Reached skill level 1 in Dodging
   787 | D:1      | Gained mutation: You are slightly more attuned to the shadows. [demonic ancestry]
   787 | D:1      | Reached XP level 3. HP: 23/28 MP: 6/6
   790 | D:1      | Acquired Yredelemnul's second power
  1389 | D:2      | Reached XP level 4. HP: 34/34 MP: 7/7
  1439 | D:2      | Found a bloodstained altar of Trog.
  1522 | D:2      | Found a shimmering altar of Xom.
  1605 | D:2      | Noticed Sigmund
  1618 | D:2      | Mangled by Sigmund

Action                   |  1- 3 |  4- 6 || total
-------------------------+-------+-------++-------
Melee: Spear             |   181 |    29 ||   210
Invok: Animate Remains   |     4 |     2 ||     6
       Recall Undead Sla |       |     1 ||     1
  Use: Scroll            |     1 |     5 ||     6
 Stab: Sleeping          |     2 |       ||     2
